 Dungeon Crawl Stone Soup version 0.25-a0-855-g681bda5bb4 (webtiles) character file.

Game seed: 8248902566845128190, levelgen mode: deterministic

168430 Fukker the Thaumaturge (level 17, -1/104 HPs)
             Began as a Tengu Venom Mage on Apr 24, 2020.
             Was the Champion of Vehumet.
             Slain by a hog (7 damage)
             ... led by Kirke
             ... on level 1 of the Snake Pit on Apr 26, 2020.
             The game lasted 03:08:35 (41641 turns).

Fukker the Thaumaturge (Tengu Venom Mage)          Turns: 41641, Time: 03:08:37

Health: -1/104     AC: 11    Str: 10    XL:     17   Next: 65%
Magic:  12/45      EV: 26    Int: 30    God:    Vehumet [******]
Gold:   1269       SH:  0    Dex: 15    Spells: 0/44 levels left

rFire    + . .     SeeInvis +   E - +1 dire flail of Ycussal {vorpal, Int+5}
rCold    . . .     Gourm    .   (shield currently unavailable)
rNeg     . . .     Faith    .   x - +2 robe {Archmagi}
rPois    .         Spirit   .   k - +0 hat
rElec    +         Reflect  .   M - +2 cloak
rCorr    .         Harm     .   m - +0 pair of gloves
MR       +....                  (boots unavailable)
Stlth    +.........             V - amulet "Niddaw" {+Rage SInv}
HPRegen  0.27/turn              r - ring "Muetidom" {rElec rF+ AC+3 Int+4}
MPRegen  0.29/turn              w - ring of magical power

@: liquid flames, flying quickly and evasively, glowing, quick
A: beak, talons 3, able to fly
}: 1/15 runes: decaying
a: Stop Flying, Renounce Religion, Evoke Berserk Rage


You were on level 1 of the Snake Pit.
You worshipped Vehumet.
Vehumet was exalted by your worship.
You were not hungry.

You visited 6 branches of the dungeon, and saw 28 of its levels.

You collected 2821 gold pieces.
You spent 1552 gold pieces at shops.

Inventory:

Hand Weapons
 E - the +1 dire flail of Ycussal (weapon) {vorpal, Int+5}
   (You took it off a two-headed ogre on level 6 of the Dungeon)

   It inflicts extra damage upon your enemies.
   It affects your intelligence (+5).
Missiles
 i - 762 stones (quivered)
Armour
 a - a +0 robe of fire resistance
 d - a +2 robe of magic resistance
 k - a +0 hat (worn)
 m - a +0 pair of gloves (worn)
 x - a +2 robe of the Archmagi (worn)
 M - a +2 cloak (worn)
 Z - a +2 buckler
Magical Staves
 Q - a cursed staff of summoning
 T - an uncursed staff of air
 W - an uncursed staff of wizardry
Jewellery
 f - an uncursed ring of positive energy
 q - an uncursed ring of protection from fire
 r - the ring "Muetidom" (left hand) {rElec rF+ AC+3 Int+4}
   (You bought it in a shop on level 7 of the Dungeon)

   [ring of protection]

   It affects your AC (+3).
   It affects your intelligence (+4).
   It protects you from fire.
   It insulates you from electricity.
 w - a ring of magical power (right hand)
 y - an uncursed ring of wizardry
 D - an uncursed amulet of regeneration
 F - an uncursed amulet of the gourmand
 P - an uncursed ring of protection from magic
 R - a +4 ring of evasion
 V - the amulet "Niddaw" (around neck) {+Rage SInv}
   (You acquired it on level 2 of the Lair of Beasts)

   [amulet of rage]

   It lets you see invisible.
   It lets you go berserk.
Wands
 z - a wand of disintegration (25)
 L - a wand of scattershot (5)
 N - a wand of acid (6)
Scrolls
 e - a scroll of summoning
 h - 3 scrolls of fog
 l - a scroll of holy word
 p - 6 scrolls of teleportation
 s - 5 scrolls of magic mapping
 v - 15 scrolls of remove curse
 A - a scroll of silence
 B - 3 scrolls of enchant armour
 J - 3 scrolls of blinking
 K - 2 scrolls of fear
 O - 3 scrolls of identify
 S - a scroll of amnesia
Potions
 b - 12 potions of curing
 g - 6 potions of brilliance
 j - 11 potions of lignification
 n - a potion of resistance
 t - a potion of stabbing
 u - 3 potions of cancellation
 C - 4 potions of haste
 G - 5 potions of invisibility
 I - 2 potions of heal wounds
 X - 3 potions of ambrosia
 Y - 3 potions of mutation
Comestibles
 c - 32 rations


   Skills:
 - Level 11.2 Fighting
   Level 4.3 Short Blades
 - Level 1.1 Maces & Flails
   Level 0.9 Slings
 - Level 13.3 Dodging
 - Level 2.0 Stealth
 - Level 14.4 Spellcasting
 - Level 14.0 Conjurations
 - Level 4.1 Charms
 - Level 7.0 Summonings
 - Level 4.2 Translocations
 - Level 3.1 Transmutations
 - Level 3.2 Fire Magic
   Level 0.8 Ice Magic
 - Level 12.4 Air Magic
 * Level 4.7 Earth Magic
 - Level 10.3 Poison Magic
 - Level 1.4 Evocations


You couldn't memorise any spells.
You knew the following spells:

 Your Spells              Type           Power        Failure   Level  Hunger
a - Shock                 Conj/Air       ####         0%          1    None
b - Poisonous Vapours     Pois/Air       ######       1%          2    None
c - Ignite Poison         Fire/Tmut/Pois ######..     1%          3    None
d - Mephitic Cloud        Conj/Pois/Air  #######.     1%          3    None
e - Iron Shot             Conj/Erth      #######...   1%          6    ###....
f - Airstrike             Air            #######...   1%          4    None
g - Iskenderun's Mystic   Conj/Tloc      #######.     1%          4    None
h - Iskenderun's Battles  Conj/Chrm      #######.     1%          5    None
i - Orb of Destruction    Conj           ########..   1%          7    #####..
j - Swiftness             Chrm/Air       #######.     1%          2    None
k - Spellforged Servitor  Conj/Summ      #######...   7%          7    #####..

Your spell library contained the following spells:

 Spells                   Type           Power        Failure   Level  Hunger
 Ignition                 Fire           ######....   100%        8    ######.
 Absolute Zero            Ice            #####.....   100%        9    #######
 Fire Storm               Conj/Fire      #######...   100%        9    #######
 Apportation              Tloc           ######       1%          1    None
 Beastly Appendage        Tmut           ######       1%          1    None
 Sandblast                Erth           ######       1%          1    None
 Sting                    Tmut/Pois      ####         1%          1    None
 Summon Butterflies       Summ           #######.     1%          1    None
 Passwall                 Tmut/Erth      ######..     1%          2    None
 Sticks to Snakes         Tmut           ######..     1%          2    None
 Lesser Beckoning         Tloc           ######....   1%          3    None
 Spider Form              Tmut/Pois      #######...   1%          3    None
 Static Discharge         Conj/Air       ########     1%          3    None
 Stone Arrow              Conj/Erth      ######       1%          3    None
 Fulminant Prism          Conj/Hex       #######...   1%          4    None
 Olgreb's Toxic Radiance  Pois           #######.     1%          4    None
 Bolt of Magma            Conj/Fire/Erth #######...   1%          5    None
 Irradiate                Conj/Tmut      #######...   1%          5    None
 Lightning Bolt           Conj/Air       ########..   1%          5    None
 Lee's Rapid Deconstruct  Erth           ######....   2%          5    None
 Sublimation of Blood     Necr           ####......   3%          2    None
 Alistair's Intoxication  Tmut/Pois      #######.     3%          5    None
 Petrify                  Tmut/Erth      ######..     4%          4    None
 Tukima's Dance           Hex            ####....     7%          3    None
 Leda's Liquefaction      Hex/Erth       ######....   9%          4    None
 Ice Form                 Ice/Tmut       ######..     10%         4    None
 Blade Hands              Tmut           ######....   17%         5    None
 Eringya's Noxious Bog    Tmut/Pois      #######...   22%         6    ###....
 Statue Form              Tmut/Erth      ######...    56%         6    ###....
 Invisibility             Hex            ####....     98%         6    ###....
 Shatter                  Erth           ######....   100%        9    #######


Dungeon Overview and Level Annotations

Branches:
Dungeon (14/15)            Temple (1/1) D:4            Lair (6/6) D:9
  Swamp (4/4) Lair:2        Snake (1/4) Lair:3        Slime (0/5) Lair:6
    Orc (2/2) D:10            Elf (0/3) Orc:2        Vaults (0/5) D:14

Altars:
Cheibriados
Dithmenos
Elyvilon
Fedhas
Gozag
Hepliaklqana
Kikubaaqudgha
Makhleb
Nemelex Xobeh
Okawaru
Qazlal
Ru
Sif Muna
Trog
Vehumet
Wu Jian
Xom
Yredelemnul
Zin
The Shining One
Beogh
Jiyva

Shops:
D:7 =   Orc:1 }[:*   Orc:2 ([((   Snake:1 [

Annotations:
Snake:1 Azrael, Kirke


Innate Abilities, Weirdness & Mutations

You have a beak for a mouth.
You have claws for feet.
You can fly continuously.


Message History

You are covered in liquid flames!
* * * LOW HITPOINT WARNING * * *
Your surroundings suddenly seem different.
Kirke, Weaver of Myths comes into view.
Kirke shouts!
A hog comes into view.
The hog squeals angrily.
A hog comes into view.
The hog squeals angrily.
A hog comes into view.
The hog squeals angrily.
A naga comes into view. It is wielding a +0 scimitar.
The naga shouts!
A hog comes into view.
The hog squeals angrily.
A hog comes into view.
The hog squeals angrily.
A hog comes into view.
The hog bites you!
You die...

,,,,,*,...........## #.##..
,,,,,,*#..........# #######.
,,,,,,,**........## ###....###
,,,,,,,,,,,**,##.N## ##.......##
,,,,,,,,,,,***,....# ##.........#
,,,,,,,,,,** *##.hh###.........##
,,,,,,,,,,* ##.h...##.....∩..###
,,,,,,,,,,* ##.@h..N###......###.
,,,,,,,,*,* #.hh@....##.....###..
,,,,,****,**#.h......###.###.#...
***,,,***,,*#........# ##*#......
,,,***,,,,,,#........# *#......
**,*,,,,,,,.........## #.......
*,*,,,,,,..####.#.## *#.......
*,**,,,,..#* #.### #.#######
******,,.#* ### ##* *****


You could see Kirke, a naga mage, 7 hogs and a naga.

Vanquished Creatures
  5 thorn hunters
  An orc warlord (Orc:2)
  Aizul (Swamp:4)
  A very ugly thing (Swamp:3)
  2 vampire knights (Swamp:4)
  The ghost of ottosmops the Grappler, a journeyman TrBe of Trog (Lair:1)
  Erolcha (D:9)
  17 hydras
  A centaur warrior (D:13)
  An anaconda (Snake:1)
  2 shambling mangroves
  11 alligators
  A dancing weapon (D:14)
  7 death yaks
  5 two-headed ogres
  3 spriggans
  2 unseen horrors
  3 spriggan druids
  3 swamp dragons
  A phantasmal warrior (Swamp:4)
  A mana viper (Snake:1)
  2 spectral hydras (Swamp:4)
  A deep elf mage (D:14)
  6 oklob plants
  3 ugly things
  An orb spider (shapeshifter) (D:13)
  An orc sorcerer (Orc:2)
  Maurice (D:9)
  3 cyclopes
  41 elephants
  9 black mambas
  Psyche (D:9)
  The ghost of pljop the Summoner, a novice KoSu (D:6)
  A naga mage (Snake:1)
  2 torpor snails
  A gargoyle (D:10)
  A rime drake (Lair:4)
  20 spiny frogs
  10 komodo dragons
  3 kobold demonologists
  9 trolls
  A polar bear (Lair:5)
  5 hydra zombies (Swamp:4)
  12 tyrant leeches
  36 blink frogs
  8 hornets
  3 death drake zombies (Swamp:4)
  16 slime creatures
  5 bog bodies
  2 death drake skeletons (Swamp:4)
  15 hippogriffs
  9 dream sheep
  33 yaks
  2 wraiths (D:12)
  5 wyverns
  A human (D:8)
  Grum (Lair:1)
  2 shadows
  4 basilisks
  A vampire (D:14)
  4 hogs (D:8)
  A hungry ghost (D:7)
  2 steam dragons
  48 vampire mosquitoes
  11 insubstantial wisps
  19 swamp worms
  3 wargs
  2 acid dragons
  4 nagas (Lair:3)
  7 water moccasins
  Duvessa (D:7)
  3 hydra simulacra (Swamp:4)
  7 porcupines
  2 black bears (D:9)
  5 sky beasts
  8 swamp drakes
  A necrophage (D:11)
  2 ice beasts
  A hornet zombie (D:10)
  2 swamp dragon zombies (Swamp:4)
  39 orc warriors
  10 ogres
  3 phantoms
  4 boggarts (Lair:5)
  10 centaurs
  13 wolves
  2 big kobolds
  8 crocodiles
  29 bullfrogs
  Dowan (D:7)
  2 scorpions
  11 killer bees
  11 wights
  3 electric eels
  4 howler monkeys
  5 crimson imps
  4 centaur zombies
  4 bullfrog zombies
  6 hounds
  31 orc priests
  A jelly (D:7)
  20 orc wizards
  4 bullfrog skeletons
  2 centaur skeletons
  7 iguanas
  8 worker ants
  4 hell rats (Lair:6)
  4 worker ant zombies
  17 adders
  3 shadow imps
  An adder zombie (D:7)
  2 adder skeletons
  2 worms
  2 dart slugs
  7 leopard geckos
  115 orcs
  8 bats
  9 giant cockroaches
  4 goblins (D:2)
  11 hobgoblins
  28 jackals
  5 quokkas
  11 frilled lizards
  A jackal skeleton (D:7)
  17 kobolds
  A leopard gecko skeleton (D:4)
  A leopard gecko zombie (D:6)
  A quokka skeleton (D:5)
  A quokka zombie (D:5)
  8 rats
  A plant (Lair:4)
987 creatures vanquished.

Vanquished Creatures (collateral kills)
  Rupert (D:14)
  A thorn hunter (Swamp:2)
  3 hydras
  2 shambling mangroves
  A dancing weapon (D:14)
  3 alligators
  A naga sharpshooter (Snake:1)
  A spectral hydra (Swamp:4)
  2 swamp dragons (Swamp:4)
  An orc knight (D:13)
  A manticore (D:14)
  2 black mambas (Snake:1)
  A cyclops (D:12)
  3 tyrant leeches
  2 blink frogs (Swamp:2)
  A hydra skeleton (Swamp:4)
  16 slime creatures
  A bog body (Swamp:3)
  2 yaks
  A fire elemental (Snake:1)
  2 swamp worms (Swamp:3)
  2 hell hounds (Snake:1)
  An ogre (D:14)
  2 big kobolds (D:14)
  A bullfrog (D:12)
  An orc wizard (D:13)
  A worker ant (D:14)
  An adder (D:12)
  A kobold (D:13)
58 creatures vanquished.

Vanquished Creatures (others)
  A shock serpent (Snake:1)
  A swamp drake (Swamp:4)
  A bullfrog (D:14)
  An orc wizard (D:13)
  A briar patch (Swamp:3)
  29 fungi
  84 plants
118 creatures vanquished.

Grand Total: 1163 creatures vanquished

Notes
Turn   | Place    | Note
-------+----------+-------------------------------------------
     0 | D:1      | Fukker the Tengu Venom Mage began the quest for the Orb.
     0 | D:1      | Reached XP level 1. HP: 10/10 MP: 4/4
   118 | D:1      | Reached skill level 1 in Transmutations
   124 | D:1      | Reached XP level 2. HP: 13/15 MP: 0/6
   141 | D:1      | Learned a level 2 spell: Poisonous Vapours
   800 | D:2      | Reached XP level 3. HP: 5/19 MP: 3/7
  1102 | D:2      | Learned a level 3 spell: Ignite Poison
  1120 | D:2      | Reached skill level 1 in Air Magic
  1735 | D:2      | Found a faded altar of an unknown god.
  2082 | D:2      | Reached XP level 4. HP: 21/24 MP: 2/8
  2785 | D:3      | Gained mutation: You can fly continuously. [Tengu growth]
  2785 | D:3      | Reached XP level 5. HP: 27/28 MP: 3/10
  2811 | D:3      | Learned a level 3 spell: Mephitic Cloud
  3899 | D:4      | Reached XP level 6. HP: 18/32 MP: 7/12
  4117 | D:4      | Found a staircase to the Ecumenical Temple.
  4127 | Temple   | Entered the Ecumenical Temple
  4349 | Temple   | Became a worshipper of Vehumet
  4441 | D:4      | Noticed a phantom
  4455 | D:5      | Entered Level 5 of the Dungeon
  4553 | D:5      | Learned a level 4 spell: Olgreb's Toxic Radiance
  4663 | D:5      | Reached skill level 1 in Short Blades
  4757 | D:5      | Noticed an ice beast
  4765 | D:5      | Killed an ice beast
  5095 | D:5      | Reached XP level 7. HP: 31/36 MP: 7/14
  5272 | D:5      | Reached skill level 5 in Poison Magic
  6268 | D:5      | Reached * piety under Vehumet
  6268 | D:5      | Offered knowledge of Foxfire by Vehumet.
  6268 | D:5      | Reached skill level 5 in Spellcasting
  6547 | D:6      | Reached skill level 1 in Fire Magic
  6547 | D:6      | Reached XP level 8. HP: 41/41 MP: 16/16
  6625 | D:6      | Found a transporter.
  6625 | D:6      | Noticed pljop's ghost (novice KoSu)
  6628 | D:6      | Identified the +1 dire flail of Ycussal {vorpal, Int+5}
  6628 | D:6      | Identified the cursed +0 great mace of Exquisite Torment
                  | {vorpal, rC+ Str+2 Dex+5}
  6628 | D:6      | Noticed a two-headed ogre
  7887 | D:7      | Noticed Duvessa
  7894 | D:7      | Noticed Dowan
  7895 | D:7      | Killed Duvessa
  7900 | D:7      | Killed Dowan
  8017 | D:7      | Reached XP level 9. HP: 39/45 MP: 18/18
  8115 | D:7      | Learned a level 4 spell: Airstrike
  8141 | D:7      | Offered knowledge of Sandblast by Vehumet.
  8146 | D:7      | Reached ** piety under Vehumet
  8146 | D:7      | Reached skill level 5 in Air Magic
  8464 | D:7      | Found Fiunwy's Jewellery Shop.
  8491 | D:7      | Reached skill level 1 in Conjurations
  9261 | D:8      | Found an ancient bone altar of Kikubaaqudgha.
 10020 | D:8      | Reached XP level 10. HP: 50/50 MP: 15/19
 10023 | D:8      | Reached skill level 10 in Air Magic
 10259 | D:8      | Found a stormy altar of Qazlal.
 10399 | D:9      | Noticed Erolcha
 10400 | D:9      | Noticed a two-headed ogre
 10403 | D:9      | Killed Erolcha
 10403 | D:9      | Reached skill level 1 in Fighting
 10407 | D:9      | Killed a two-headed ogre
 10579 | D:9      | Offered knowledge of Searing Ray by Vehumet.
 10827 | D:9      | Reached *** piety under Vehumet
 10873 | D:9      | Reached skill level 5 in Conjurations
 11396 | D:9      | Reached XP level 11. HP: 45/59 MP: 20/20
 11411 | D:9      | Offered knowledge of Iskenderun's Mystic Blast by Vehumet.
 11417 | D:9      | Learned a level 4 spell: Iskenderun's Mystic Blast
 11652 | D:9      | Reached skill level 1 in Translocations
 11671 | D:9      | Noticed a two-headed ogre
 11905 | D:9      | Noticed Maurice
 11909 | D:9      | Killed Maurice
 12068 | D:9      | Killed a two-headed ogre
 12141 | D:9      | Found a staircase to the Lair.
 12506 | D:9      | Noticed Psyche
 12511 | D:9      | Killed Psyche
 12846 | D:10     | Entered Level 10 of the Dungeon
 12900 | D:10     | Reached skill level 5 in Dodging
 13106 | D:10     | Noticed a two-headed ogre
 13113 | D:10     | Killed a two-headed ogre
 13213 | D:10     | Noticed a cyclops
 13230 | D:10     | Killed a cyclops
 13230 | D:10     | Reached **** piety under Vehumet
 13396 | D:10     | Offered knowledge of Dazzling Flash by Vehumet.
 13789 | D:10     | Found a staircase to the Orcish Mines.
 14349 | D:10     | Reached XP level 12. HP: 65/66 MP: 24/24
 14437 | Orc:1    | Entered Level 1 of the Orcish Mines
 14685 | Orc:1    | Found Suavul's Gadget Shoppe.
 14705 | Orc:1    | Found Tacru's Book Emporium.
 14716 | Orc:1    | Bought a book of Power for 630 gold pieces
 14911 | Orc:1    | Found Tomie's General Store.
 14932 | Orc:1    | Found Naly's Antique Armour Shop.
 14935 | Orc:1    | Bought a glowing cloak for 217 gold pieces
 14995 | Orc:2    | Entered Level 2 of the Orcish Mines
 15018 | Orc:2    | Found a staircase to the Elven Halls.
 15216 | Orc:2    | Reached ***** piety under Vehumet
 15384 | Orc:2    | Found a roughly hewn altar of Beogh.
 15390 | Orc:2    | Offered knowledge of Irradiate by Vehumet.
 15467 | Orc:2    | Found a roughly hewn altar of Beogh.
 15470 | Orc:2    | Learned a level 1 spell: Shock
 15476 | Orc:2    | Learned a level 5 spell: Iskenderun's Battlesphere
 15514 | Orc:2    | Found a roughly hewn altar of Beogh.
 15922 | Orc:2    | Found a roughly hewn altar of Beogh.
 15935 | Orc:2    | Found Xamesch's Weapon Emporium.
 16228 | Orc:2    | Reached skill level 1 in Charms
 16308 | Orc:2    | Noticed an orc warlord
 16316 | Orc:2    | HP: 2/67 [orc warlord/+1 glaive of freezing (9)]
 16321 | Orc:2    | HP: 2/67 [warg[an orc warlord] (1)]
 17144 | Orc:2    | Found Onwolonk's Antique Weapon Shoppe.
 17145 | Orc:2    | Found a roughly hewn altar of Beogh.
 17146 | Orc:2    | Found Uhuudatto's Antique Armour Emporium.
 17199 | Orc:2    | Killed an orc warlord
 17404 | Orc:2    | Found a roughly hewn altar of Beogh.
 17411 | Orc:2    | Reached skill level 5 in Fighting
 17476 | Orc:2    | Found Ugamow's Weapon Shop.
 17644 | D:6      | Found a transporter.
 17656 | D:6      | Killed a two-headed ogre
 17667 | D:6      | Killed pljop's ghost
 17839 | Lair:1   | Entered Level 1 of the Lair of Beasts
 17889 | Lair:1   | Noticed Grum
 17896 | Lair:1   | Killed Grum
 18345 | Lair:1   | Found a runed translucent door.
 18357 | Lair:1   | Noticed ottosmops's ghost (journeyman TrBe)
 18374 | Lair:1   | Killed ottosmops's ghost
 18875 | Lair:2   | Reached XP level 13. HP: 42/74 MP: 23/26
 19178 | Lair:2   | Found an ornate altar of the Wu Jian Council.
 19496 | Lair:2   | Found a staircase to the Swamp.
 19724 | Lair:2   | Identified a scroll of acquirement
 19725 | Lair:2   | Identified the amulet "Niddaw" {+Rage SInv} (You acquired
                  | it on level 2 of the Lair of Beasts)
 20468 | Lair:3   | Offered knowledge of Freezing Cloud by Vehumet.
 20751 | Lair:3   | Reached skill level 10 in Spellcasting
 20818 | Lair:3   | Learned a level 6 spell: Freezing Cloud
 20882 | Lair:3   | Got a warped robe
 20893 | Lair:3   | Identified the +2 robe of the Morning {Str+4 Dex+4} (You
                  | found it on level 3 of the Lair of Beasts)
 20980 | Lair:3   | Reached skill level 10 in Poison Magic
 21207 | Lair:3   | Found a staircase to the Snake Pit.
 21963 | Lair:4   | Reached skill level 10 in Conjurations
 22630 | Lair:4   | Reached XP level 14. HP: 80/80 MP: 24/30
 23632 | Lair:5   | Offered knowledge of Conjure Ball Lightning by Vehumet.
 24167 | Lair:5   | Learned a level 7 spell: Orb of Destruction
 25220 | Lair:6   | Entered Level 6 of the Lair of Beasts
 26418 | Lair:6   | Offered knowledge of Starburst by Vehumet.
 26418 | Lair:6   | Reached XP level 15. HP: 84/84 MP: 29/33
 26422 | Lair:6   | Identified the Catalogue of Atheism
 26571 | Lair:6   | Found a viscous altar of Jiyva.
 26572 | Lair:6   | Found a staircase to the Slime Pits.
 26823 | Lair:6   | Learned a level 2 spell: Swiftness
 27096 | D:7      | Bought the ring "Muetidom" {rElec rF+ AC+3 Int+4} for 705
                  | gold pieces
 27248 | Lair:6   | Reached skill level 1 in Maces & Flails
 27952 | Lair:6   | Got a smoking broad axe
 28293 | Lair:6   | Reached skill level 1 in Evocations
 28902 | Swamp:1  | Entered Level 1 of the Swamp
 29067 | Swamp:1  | Learned a level 7 spell: Spellforged Servitor
 29095 | Swamp:1  | Reached skill level 1 in Summonings
 29424 | Swamp:1  | Offered knowledge of Ozocubu's Refrigeration by Vehumet.
 30302 | Swamp:2  | Reached skill level 5 in Summonings
 30306 | Swamp:2  | Noticed a thorn hunter
 30312 | Swamp:2  | Killed a thorn hunter
 31674 | Swamp:2  | Found a burning altar of Makhleb.
 31756 | Swamp:3  | Reached XP level 16. HP: 42/90 MP: 21/35
 31768 | Swamp:3  | Noticed a thorn hunter
 31951 | Swamp:3  | Killed a thorn hunter
 31958 | Swamp:3  | Offered knowledge of Fireball by Vehumet.
 32158 | Swamp:3  | Noticed a thorn hunter
 32163 | Swamp:3  | Killed a thorn hunter
 32578 | Swamp:3  | Noticed a thorn hunter
 32696 | Swamp:3  | Reached skill level 10 in Dodging
 32938 | Swamp:3  | Killed a thorn hunter
 33386 | Swamp:4  | Entered Level 4 of the Swamp
 33760 | Swamp:4  | Identified the +1 broad axe of Flawed Execution {drain,
                  | Str+5 Int-5} (You found it on level 6 of the Lair of
                  | Beasts)
 35111 | Swamp:4  | Noticed Aizul
 35116 | Swamp:4  | Killed Aizul
 35577 | Swamp:4  | Offered knowledge of Chain Lightning by Vehumet.
 35839 | Swamp:4  | Reached skill level 10 in Fighting
 36191 | Swamp:4  | Reached XP level 17. HP: 102/102 MP: 27/36
 36340 | Swamp:4  | Found a basalt altar of Yredelemnul.
 36367 | Swamp:4  | Got a decaying rune of Zot
 36904 | Swamp:4  | Found a blossoming altar of Fedhas.
 38144 | D:11     | Found a roughly hewn altar of Beogh.
 38947 | D:12     | Upgraded the game from 0.25-a0-842-g81a31cfd23 to
                  | 0.25-a0-855-g681bda5bb4
 38972 | D:12     | Reached ****** piety under Vehumet
 39119 | D:13     | Offered knowledge of Fire Storm by Vehumet.
 39119 | D:13     | Offered knowledge of Ignition by Vehumet.
 39119 | D:13     | Offered knowledge of Absolute Zero by Vehumet.
 39273 | D:13     | Learned a level 6 spell: Iron Shot
 39499 | D:13     | Reached skill level 1 in Earth Magic
 40052 | D:14     | Noticed Rupert
 40059 | D:14     | Killed Rupert
 40891 | D:14     | Found a gate to the Vaults.
 41453 | Snake:1  | Entered Level 1 of the Snake Pit
 41552 | Snake:1  | Found Veiz's Antique Armour Shop.
 41635 | Snake:1  | Noticed Azrael
 41641 | Snake:1  | Noticed Kirke
 41641 | Snake:1  | Slain by a hog

Levels and vault maps discovered:
D:1:      lightli_arrival_isolated_outpost, layout_rooms
D:2:      layout_basic, chequers_ecumenical_altar_twisty
D:3:      layout_basic, first_ration
D:4:      layout_cave_pools, gammafunk_temple_overflow_claw, temple_pool_b
D:5:      layout_loops_corners, kennysheep_small_spiral, minmay_misc_feat_x
D:6:      layout_basic, gammafunk_ghost_smash, hex_tiny
D:7:      minmay_inner_zag, layout_basic, serial_shops, shop, uniq_duvessa
D:8:      layout_basic, nicolae_overflow_crystal_walls, basic_altar,
          grunt_livestock
D:9:      minmay_bubble_buster, layout_small_grid, david_lair_generic,
          minmay_fractal_squares_gapless_7, uniq_psyche, uniq_erolcha,
          uniq_maurice
D:10:     minmay_tri_box, layout_basic, orc_0_dummy
D:11:     layout_roguey [special_room_orc]
D:12:     layout_roguey
D:13:     layout_basic
D:14:     layout_cross, erik_vaults_1, uniq_rupert
Temple:   dpeg_five_rooms_temple
Lair:1:   layout_regular_city, ebering_ghost_reflecting_pool,
          mumra_transporter_accident, grunt_megastairs_3, uniq_grum
Lair:2:   layout_cave_pods, nicolae_swamp_entry_splash_gauntlet, basic_altar
Lair:3:   layout_roguey, minmay_snake_entry_guardpost_small, grunt_megastairs_4,
          lemuel_fruit_fields
Lair:4:   layout_regular_city, minmay_lair_oklob_items, grunt_megastairs_2
Lair:5:   beast_lair_carwin_large_4, layout_gridlike, kilobyte_rumbling_trees
Lair:6:   minmay_lair_end_frog_pond, layout_regular_city, slime_altar_1,
          minmay_lair_oklob_chamber
Swamp:1:  layout_falls_marsh, evilmike_swamp_ruin_house_3, hangedman_swamp_pad
Swamp:2:  layout_basic_swamp, lemuel_altar_in_water, swamp_pool1,
          cheibrodos_swamp_slimy
Swamp:3:  layout_basic_swamp, serial_swamp_ruin, evilmike_swamp_ruin_rubble_2,
          evilmike_swamp_ruin_house_6, hangedman_swamp_ruin_wall, swamp_pool1,
          infiniplex_staircase_pool_2
Swamp:4:  byrel_swamp_growth_death_and_undeath, layout_basic_swamp, uniq_aizul
Snake:1:  layout_chambers, portal_ice_cave_entry_pillars_four, serial_shops,
          shop, uniq_donald, uniq_kirke, uniq_roxanne, uniq_azrael, uniq_jorgrun
Orc:1:    layout_caves, serial_shops, shop, shop,
          nicolae_shop_competitors_out_of_business, nicolae_shop_behind_doors
Orc:2:    grunt_orc_community_town_hall, layout_caves,
          grunt_orc_community_big_house_1, grunt_orc_community_big_house_2,
          grunt_orc_community_house_2, grunt_orc_community_house_3,
          grunt_orc_community_house_3, grunt_orc_community_house_1, basic_altar

Skill      XL: |  1  2  3  4  5  6  7  8  9 10 11 12 13 14 15 16 17 |
---------------+----------------------------------------------------+-----
Transmutations | 1 2 3 |  3.1
Air Magic      | 1 2 3 4 9 12 | 12.4
Spellcasting   | 3 4 5 7 8 11 13 14 | 14.4
Poison Magic   | 4 5 7 8 9 10 | 10.3
Short Blades   | 1 2 3 4 |  4.3
Fire Magic     | 1 2 3 |  3.2
Conjurations   | 3 5 8 10 12 14 | 14.0
Fighting       | 2 4 6 10 11 | 11.2
Dodging        | 4 5 6 8 12 13 | 13.3
Translocations | 3 4 |  4.2
Charms         | 4 |  4.1
Maces & Flails | 1 |  1.1
Evocations     | 1 |  1.4
Summonings     | 7 |  7.0
Earth Magic    | 4 |  4.7
Slings         | |  0.9
Stealth        | |  2.0
Ice Magic      | |  0.8

Action                   |  1- 3 |  4- 6 |  7- 9 | 10-12 | 13-15 | 16-18 || total
-------------------------+-------+-------+-------+-------+-------+-------++-------
Melee: Short sword       |    69 |   120 |   138 |       |       |       ||   327
       Kick              |    17 |    34 |    26 |    18 |    20 |    43 ||   158
       Unarmed           |     1 |       |       |       |       |       ||     1
       Peck              |     8 |    29 |    16 |    13 |     8 |    22 ||    96
       Dagger            |       |       |     4 |    73 |       |       ||    77
       Dire flail        |       |       |       |       |    49 |   174 ||   223
 Fire: Fustibalus        |       |       |       |    82 |       |       ||    82
Throw: Stone             |     2 |     2 |     5 |     4 |     1 |     3 ||    17
 Cast: Sting             |    23 |    34 |    21 |    11 |       |       ||    89
       Poisonous Vapours |     9 |    24 |    70 |   142 |    33 |     3 ||   281
       Ignite Poison     |     2 |     6 |    16 |    50 |    16 |     4 ||    94
       Mephitic Cloud    |       |     3 |     9 |    32 |     7 |     5 ||    56
       Olgreb's Toxic Ra |       |       |     8 |    33 |    21 |       ||    62
       Airstrike         |       |       |    14 |    69 |   321 |   261 ||   665
       Iskenderun's Myst |       |       |       |    22 |     7 |    18 ||    47
       Shock             |       |       |       |    40 |   133 |    38 ||   211
       Iskenderun's Batt |       |       |       |     8 |    31 |     7 ||    46
       Freezing Cloud    |       |       |       |       |     6 |       ||     6
       Orb of Destructio |       |       |       |       |    81 |    96 ||   177
       Spellforged Servi |       |       |       |       |     8 |    22 ||    30
       Iron Shot         |       |       |       |       |       |    15 ||    15
       Swiftness         |       |       |       |       |       |     1 ||     1
 Abil: Fly               |       |     1 |       |       |       |       ||     1
Evoke: Wand              |       |       |       |       |       |     1 ||     1
  Use: Scroll            |     5 |     6 |     4 |     8 |    12 |    13 ||    48
       Potion            |       |       |       |     1 |     1 |     4 ||     6
 Stab: Sleeping          |     3 |     1 |     3 |       |     1 |     2 ||    10
       Distracted        |       |       |       |     1 |       |     1 ||     2
       Confused          |       |       |       |     3 |       |       ||     3
  Eat: Chunk             |     3 |    10 |    12 |    48 |    66 |    37 ||   176
       Ration            |     1 |       |     2 |     2 |       |     8 ||    13
Armor: Robe              |    17 |    30 |    13 |    17 |    15 |    52 ||   144
Dodge: Dodged            |    48 |    83 |    79 |   119 |    80 |   303 ||   712

Table legend:
 A = Non-vault XP
 B = Vault XP
 C = Vault XP percentage of total XP
 D = Non-vault monster count
 E = Vault monster count
 F = Vault count percentage of total count
                 A         B        C        D         E       F
            +---------+---------+-------+---------+---------+-------
      Total |  146172 |   75871 |  34.2 |     755 |     289 |  27.7
            +---------+---------+-------+---------+---------+-------
        D:1 |      31 |       0 |   0.0 |      20 |       0 |   0.0
        D:2 |      71 |       0 |   0.0 |      27 |       0 |   0.0
        D:3 |     193 |       0 |   0.0 |      33 |       0 |   0.0
        D:4 |      81 |       0 |   0.0 |      12 |       0 |   0.0
        D:5 |     713 |       0 |   0.0 |      35 |       0 |   0.0
        D:6 |     789 |    1208 |  60.5 |      24 |       4 |  14.3
        D:7 |    1206 |     478 |  28.4 |      28 |       8 |  22.2
        D:8 |     656 |     946 |  59.1 |      10 |       5 |  33.3
        D:9 |    2561 |    5607 |  68.6 |      34 |      27 |  44.3
       D:10 |    2649 |    2535 |  48.9 |      33 |       8 |  19.5
       D:11 |    3379 |    1167 |  25.7 |      25 |      26 |  51.0
       D:12 |    3002 |       0 |   0.0 |      25 |       0 |   0.0
       D:13 |    8623 |       0 |   0.0 |      52 |       0 |   0.0
       D:14 |    6924 |    3500 |  33.6 |      33 |       3 |   8.3
     Lair:1 |     867 |    1586 |  64.7 |       5 |       5 |  50.0
     Lair:2 |    7089 |    1194 |  14.4 |      29 |       6 |  17.1
     Lair:3 |    5910 |     648 |   9.9 |      26 |       4 |  13.3
     Lair:4 |    8606 |    3599 |  29.5 |      23 |      12 |  34.3
     Lair:5 |    7069 |    8651 |  55.0 |      20 |      24 |  54.5
     Lair:6 |   23724 |   11606 |  32.9 |      62 |      44 |  41.5
    Swamp:1 |    8095 |       0 |   0.0 |      27 |       0 |   0.0
    Swamp:2 |   12406 |     250 |   2.0 |      34 |       1 |   2.9
    Swamp:3 |   21239 |       0 |   0.0 |      53 |       0 |   0.0
    Swamp:4 |   14836 |   27151 |  64.7 |      45 |      45 |  50.0
    Snake:1 |    3522 |     303 |   7.9 |       7 |       3 |  30.0
      Orc:1 |     863 |       0 |   0.0 |      19 |       0 |   0.0
      Orc:2 |    1068 |    5442 |  83.6 |      14 |      64 |  82.1
            +---------+---------+-------+---------+---------+-------
